 Dungeon Crawl Stone Soup version 0.26-a0-835-g8259106e14 (webtiles) character file.

Game seed: 10597761097906568

28 jasper the Insei (level 2, -6/22 HPs)
             Began as a Demigod Transmuter on Nov 17, 2020.
             Mangled by Sigmund
             ... wielding a +0 scythe
              (8 damage)
             ... on level 2 of the Dungeon.
             The game lasted 00:01:38 (1148 turns).

jasper the Insei (Demigod Transmuter)               Turns: 1148, Time: 00:01:38

Health: -6/22      AC:  2    Str: 13    XL:     2   Next: 75%
Magic:  6/7        EV: 12    Int: 17    God:
Gold:   27         SH:  0    Dex: 16    Spells: 3/4 levels left

rFire    + . .     SeeInvis .     - Unarmed
rCold    . . .     Faith    .   (no shield)
rNeg     . . .     Spirit   .   a - +0 robe
rPois    .         Reflect  .   (helmet currently unavailable)
rElec    .         Harm     .   (no cloak)
rCorr    .         Rampage  .   (no gloves)
MR       .....     Rnd*Tele +   (boots currently unavailable)
Stlth    +.........             (no amulet)
HPRegen  0.07/turn              f - ring of teleportation (curse)
MPRegen  0.10/turn              c - ring of protection from fire

@: appendages (expiring)
A: horns 2, talons 2, high mp 1
a: End Transformation


You were on level 2 of the Dungeon.
You had grown temporary horns.
You had grown temporary talons.
You visited 1 branch of the dungeon, and saw 2 of its levels.

You collected 27 gold pieces.

Inventory:

Missiles
 g - 9 poisoned darts (quivered)
Armour
 a - a +0 robe (worn)
Jewellery
 c - a ring of protection from fire (right hand)
 f - a cursed ring of teleportation (left hand)
Scrolls
 b - a scroll of teleportation {unknown}
 e - 3 scrolls of enchant armour {unknown}


   Skills:
 - Level 0.8 Fighting
 - Level 1.7 Dodging
 + Level 3.8 Unarmed Combat
 - Level 1.7 Spellcasting
 - Level 1.7 Transmutations


You had 3 spell levels left.
You knew the following spells:

 Your Spells              Type           Power        Failure   Level
a - Beastly Appendage     Tmut           #.....       10%         1

Your spell library contained the following spells:

 Spells                   Type           Power        Failure   Level
 Wereblood                Tmut           #.......     14%         2
 Spider Form              Tmut/Pois      #.........   38%         3
 Ice Form                 Ice/Tmut       #.......     80%         4
 Blade Hands              Tmut           #.........   95%         5


Dungeon Overview and Level Annotations

Branches:
Dungeon (2/15)

Annotations:
D:2 Sigmund


Innate Abilities, Weirdness & Mutations

You have an increased reservoir of magic. (+10% MP)
You have a pair of horns on your head.
You have razor-sharp toenails.


Message History

Health restored: 22
Casting: Beastly Appendage (safe; 10% risk of failure)
Confirm with . or Enter, or press ? or * to list all spells.
You grow a pair of large bovine horns.
Your feet morph into talons.
You now have 6/7 mp.
Something barely misses you.
You hit something but do no damage. You claw something.
Your headbutt misses something. Something hits you!
You take 9 damage, and have 13/22 hp.
MASSIVE DAMAGE!!
You hit something. Your headbutt misses something. You miss something.
Your transformation is almost over.
Something hits you.
You take 5 damage, and have 8/22 hp.
MASSIVE DAMAGE!!
You barely miss something. Your kick misses something. Something hits you!
* * * LOW HITPOINT WARNING * * *
You take 6 damage, and have 2/22 hp.
MASSIVE DAMAGE!!
You closely miss something. You hit something. Your kick misses something.
Something hits you!
You die...

...# #<.## .(..#
# # #..[#.#
#.####...#.#
#...[......##
#..)......#
#..<.# #
...#.#..@.#....
.?......{>......
...#......#.....
. #...?.##..###
###..(. .#
##.### # #.# #(#
#(#


There were no monsters in sight!

Vanquished Creatures
  2 dart slugs (D:1)
  A ball python (D:1)
  A bat (D:1)
  A giant cockroach (D:1)
  7 hobgoblins (D:1)
  2 jackals (D:1)
  A frilled lizard (D:1)
  5 kobolds (D:1)
  A rat (D:1)
21 creatures vanquished.

Notes
Turn   | Place    | Note
-------+----------+-------------------------------------------
     0 | D:1      | jasper the Demigod Transmuter began the quest for the Orb.
     0 | D:1      | Reached XP level 1. HP: 15/15 MP: 5/5
    73 | D:1      | Reached skill level 3 in Unarmed Combat
   331 | D:1      | Reached XP level 2. HP: 21/22 MP: 5/7
  1127 | D:2      | Noticed Sigmund
  1148 | D:2      | Mangled by Sigmund

Illustrated notes

Levels and vault maps discovered:
D:1:      lemuel_arrival_lava_pool, layout_basic
D:2:      layout_loops_cross, kennysheep_generic_room_3, uniq_sigmund

Skill      XL: |  1 |
---------------+----+-----
Unarmed Combat | 3 |  3.8
Fighting       | |  0.8
Dodging        | |  1.7
Spellcasting   | |  1.7
Transmutations | |  1.7

Action                   || total
-------------------------++-------
Melee: Unarmed           ||    68
       Kick              ||     6
       Punch             ||     1
       Headbutt          ||     3
Throw: Dart              ||    11
 Cast: Beastly Appendage ||     6
  Use: Potion            ||     1
Armor: Robe              ||     9
Dodge: Dodged            ||    46

Table legend: (Time is in decaauts)
 A = Elapsed time spent in this place.
 B = Non-inter-level travel time spent in this place.
 C = Inter-level travel time spent in this place.
 D = Time resting spent in this place.
 E = Time spent auto-exploring this place.
 F = Levels seen in this place.
 G = Mean time per level.
                   A        B        C        D        E       F      G
               +--------+--------+--------+--------+--------+-----+--------+
         Total |   1142 |   1017 |    125 |    198 |    666 |   2 |  571.0 |
       Dungeon |   1142 |   1017 |    125 |    198 |    666 |   2 |  571.0 |
               +--------+--------+--------+--------+--------+-----+--------+

Top non-repeatable levels by time:
     D:1: 1120 daAuts
     D:2: 22 daAuts
